 Dungeon Crawl Stone Soup version 0.30-a0-137-gd8773701ce (webtiles) character file.

Game seed: 15271472441659094180

27271 NinjaNoafa the Demolition Minotaur (level 13, -1/122 HPs)
             Began as a Minotaur Monk on Sept 21, 2022.
             Was an Elder of Makhleb.
             Slain by an elephant (10 damage)
             ... on level 5 of the Lair of Beasts on Sept 22, 2022.
             The game lasted 00:51:55 (16867 turns).

NinjaNoafa the Demolition Minotaur (Minotaur Monk) Turns: 16867, Time: 00:51:55

Health: -1/122     AC: 18    Str: 27    XL:     13   Next: 3%
Magic:  22/22      EV: 11    Int: 12    God:    Makhleb [****..]
Gold:   282        SH: 14    Dex: 17    Spells: 12/12 levels left

rFire   . . .      SeeInvis +    v - +7 hammer of Ymam {venom, rCorr Int+2 SInv}
rCold   . . .      Faith    .    s - +3 kite shield
rNeg    + . .      Spirit   .    N - +0 pearl dragon scales
rPois   .          Reflect  .    (helmet restricted)
rElec   .          Harm     .    r - +0 cloak
rCorr   +          Rampage  .    (no gloves)
Will    .....                    (no boots)
Stlth   ..........               o - amulet of Temptation {Regen+ Str+3}
HPRegen 1.90/turn                j - +4 ring of protection
MPRegen 0.18/turn                m - +6 ring of strength

@: about to teleport
A: horns 2, retaliatory headbutt, see invisible, agile 1, clever 1, regeneration
1
a: Renounce Religion, Minor Destruction, Lesser Servant of Makhleb, Major
Destruction


You were on level 5 of the Lair of Beasts.
You worshipped Makhleb.
Makhleb was greatly pleased with you.
You visited 2 branches of the dungeon, and saw 18 of its levels.
You also visited: Sewer.

You collected 1182 gold pieces.
You spent 900 gold pieces at shops.

Inventory:

Hand Weapons
 v - the +7 hammer of Ymam (weapon) {venom, rCorr Int+2 SInv}
   (You found it on level 4 of the Dungeon)

   It poisons the flesh of those it strikes.
   Int:       It affects your intelligence (+2).
   SInv:      It lets you see invisible.
   rCorr:     It protects you from acid and corrosion.
Missiles
 c - a boomerang of dispersal
 f - 2 curare-tipped darts
 i - 200 stones
 l - 2 throwing nets
 A - 13 boomerangs
 F - 48 poisoned darts
 G - 5 silver javelins
 J - 9 atropa-tipped darts
Armour
 r - a +0 cloak (worn)
 s - a +3 kite shield (worn)
 N - +0 pearl dragon scales (worn)
Jewellery
 d - a ring of protection from fire
 e - a +4 ring of protection
 j - a +4 ring of protection (left hand)
 m - a +6 ring of strength (right hand)
 o - the amulet of Temptation (around neck) {Regen+ Str+3}
   (You acquired it on level 9 of the Dungeon)

   [amulet of regeneration]

   Str:       It affects your strength (+3).
   Regen:     It increases your rate of health regeneration.
 p - a ring of magical power
 w - a ring of protection from cold
 O - a ring of willpower
Wands
 a - a wand of flame (8)
 b - a wand of charming (3)
 t - a wand of polymorph (12)
 y - a wand of mindburst (9)
 C - a wand of acid (4)
Scrolls
 h - 5 scrolls of immolation
 u - a scroll of magic mapping
 B - 2 scrolls of poison
 D - 2 scrolls of vulnerability
 I - 4 scrolls of teleportation
 L - a scroll of silence
Potions
 g - 2 potions of lignification
 k - 4 potions of attraction
 q - 3 potions of brilliance
 z - a potion of resistance
 H - 3 potions of haste
 K - 2 potions of flight


   Skills:
 - Level 13.0 Fighting
 - Level 5.0(8.0) Axes
 + Level 9.8(10.3) Maces & Flails
 + Level 7.8 Armour
 + Level 4.5 Dodging
 - Level 1.5 Stealth
 - Level 7.0 Shields
 + Level 13.9 Invocations
 - Level 5.0 Evocations


You had 12 spell levels left.
You didn't know any spells.
Your spell library contained the following spells:

 Spells                   Type           Power      Damage    Failure   Level
 Beastly Appendage        Tmut           0%         N/A       90%         1
 Freeze                   Ice            0%         1d3       90%         1
 Magic Dart               Conj           0%         1d3       90%         1
 Shock                    Conj/Air       0%         1d3       90%         1
 Slow                     Hex            0%         N/A       90%         1
 Confusing Touch          Hex            0%         N/A       99%         3
 Dazzling Flash           Conj/Hex       0%         N/A       99%         3
 Frozen Ramparts          Ice            0%         1d1       99%         3
 Ignite Poison            Fire/Tmut/Pois 0%         N/A       99%         3
 Inner Flame              Hex/Fire       0%         N/A       99%         3
 Swiftness                Air            0%         N/A       99%         3
 Vampiric Draining        Necr           0%         2d6       99%         3
 Airstrike                Air            0%         2d(0-16)  100%        4
 Cause Fear               Hex            0%         N/A       100%        4
 Hailstorm                Conj/Ice       0%         3d3       100%        4
 Iskenderun's Mystic Bla  Conj/Tloc      0%         2d3       100%        4
 Sticky Flame             Conj/Fire      0%         2d3       100%        4
 Starburst                Conj/Fire      0%         6d3       100%        6
 Discord                  Hex            0%         N/A       100%        8


Dungeon Overview and Level Annotations

Branches:
Dungeon (13/15)            Temple (0/1) D:6            Lair (5/5) D:10
  Swamp (0/4) Lair:3       Spider (0/4) Lair:2        Slime (0/5) Lair:4
    Orc (0/2) D:11          Sewer (visited)
 Vaults: D:13-14

Altars:
Gozag
Kikubaaqudgha
Makhleb
Ru
Trog
Uskayaw
Vehumet
Wu Jian
Zin
Jiyva

Shops:
D:6 *   D:11 [

Annotations:
D:13 Nessos


Innate Abilities, Weirdness & Mutations

You have a pair of horns on your head.
You reflexively headbutt those who attack you in melee.
You have supernaturally acute eyesight. (SInv)
You are agile. (Dex +4, Str/Int -1)
Your mind is acute. (Int +4, Str/Dex -1)
Your natural rate of healing is unusually fast.


Message History

The elephant is engulfed in poison gas.
The elephant looks as sick as possible!
Okay, then.
Your magical effects are unravelling.
You feel magically purged.
You feel less wooden.
Your +0 cloak unmelds from your body.
Your +0 pearl dragon scales unmelds from your body.
Your resistance to elements expires.
The elephant is engulfed in poison gas.
The elephant looks even sicker.
The elephant is engulfed in poison gas.
The elephant looks as sick as possible!
Unknown command.
The elephant is engulfed in poison gas.
The elephant looks as sick as possible!
The elephant is engulfed in poison gas.
The elephant looks as sick as possible!
The elephant seems to regain its courage.
The elephant looks as sick as possible! 2 elephants come into view.
The elephant trumpets! x2; You hear a roar!
You hear a croak.
A seven-headed hydra comes into view.
The seven-headed hydra roars!
A water moccasin comes into view.
Cornered, the elephant turns to fight!
The water moccasin hisses angrily.
The elephant seems to regain its courage.
An elephant comes into view.
The elephant trumpets!
You hear a loud, deep croak!
The elephant is engulfed in poison gas.
The elephant looks as sick as possible!
The elephant closely misses you. You furiously retaliate!
You headbutt the elephant, but do no damage.
The elephant trunk-slaps you but does no damage.
The elephant misses you.
The elephant trunk-slaps you but does no damage.
There is a stone staircase leading up here.
Unknown command.
The elephant tramples you!
* * * LOW HITPOINT WARNING * * *
You stumble backwards!
You stop ascending the stairs.
The elephant is engulfed in poison gas.
The elephant looks as sick as possible!
As you read the scroll of teleportation, it crumbles to dust.
You feel strangely unstable. The elephant tramples you!
You die...

##......# .## .
##...♣...+ ..# ..
###........#...#
.. #...°......#..
#Y#.°♣....#.#.#
♣.#...°.....°†..#
.....D.Y.....[°.+
....♣SY.♣..♣...#
.......Y@..°..°.+
♣..#............#
# #(..♣..#.###.#
#.##......# .# ##
##...... #.
##...♣.. ..
.#...... ..#
.##......


You could see a seven-headed hydra, 4 elephants and a water moccasin.

Vanquished Creatures
  Harold (D:9)
  2 hydras
  2 two-headed ogres (D:11)
  A centaur warrior (D:12)
  3 bog bodies (Lair:3)
  The ghost of NinjaNoafa the Fighter, a novice MiFi of Ru (D:6)
  A lindwurm (Lair:3)
  An ugly thing (D:12)
  2 black mambas
  A gargoyle (D:12)
  Maggie (Lair:1)
  2 kobold demonologists
  5 komodo dragons
  An unseen horror (D:12)
  A tengu conjurer (D:13)
  6 cane toads
  3 trolls
  A polar bear (Lair:3)
  Prince Ribbit (D:6)
  8 blink frogs
  4 slime creatures (D:12)
  2 culicivoras (Lair:2)
  3 shadows
  2 wraiths
  6 wyverns
  13 yaks
  2 basilisks
  4 vampire mosquitoes (D:12)
  4 acid dragons
  7 water moccasins
  A black bear (Lair:4)
  4 orc warriors
  A centaur (D:12)
  10 bullfrogs
  2 necrophages
  6 kobold brigands
  6 wights (D:9)
  11 killer bees
  An electric eel (Lair:3)
  8 howler monkeys
  3 hounds
  Crazy Yiuf (D:4)
  A jelly (D:5)
  4 orc priests
  4 orc wizards
  An iguana (D:5)
  A gnoll (D:8)
  24 adders
  3 river rats
  A white imp (D:6)
  An ufetubus (D:5)
  3 worms
  4 dart slugs
  24 orcs
  13 ball pythons
  6 bats
  8 endoplasms
  4 giant cockroaches
  8 goblins
  4 hobgoblins
  5 jackals
  5 quokkas
  13 frilled lizards
  28 kobolds
  3 rats
313 creatures vanquished.

Vanquished Creatures (collateral kills)
  Snorg (Lair:5)
  The ghost of donath the Basher, a novice DrTm of Gozag (D:8)
  The ghost of LnG the Summoner, a novice KoSu of Kikubaaqudgha (D:8)
  The ghost of MisterAzrael the Thaumaturge, a novice DEHW of Sif Muna (D:8)
  A black mamba (Lair:5)
  An elephant (Lair:5)
  A centaur (D:6)
  A gnoll sergeant (D:8)
  An orc priest (D:6)
  4 gnolls (D:8)
  An orc (D:6)
  A kobold (D:8)
15 creatures vanquished.

Vanquished Creatures (others)
  A vampire (D:11)
  31 fungi
  28 plants
  4 withered plants (D:8)
64 creatures vanquished.

Grand Total: 392 creatures vanquished

Notes
Turn   | Place    | Note
-------+----------+-------------------------------------------
     0 | D:1      | NinjaNoafa the Minotaur Monk began the quest for the Orb.
     0 | D:1      | Reached XP level 1. HP: 19/19 MP: 0/0
   326 | D:1      | Reached XP level 2. HP: 27/27 MP: 1/1
   339 | D:1      | Reached skill level 1 in Armour
   670 | D:1      | You fall into a shaft and drop 1 floor!
   681 | D:2      | Found a faded altar of an unknown god.
   714 | D:2      | Reached XP level 3. HP: 20/34 MP: 2/2
  1088 | D:2      | Found a burning altar of Makhleb.
  1157 | D:2      | Reached skill level 5 in Fighting
  1157 | D:2      | Reached XP level 4. HP: 33/42 MP: 3/3
  1654 | D:2      | Became a worshipper of Makhleb the Destroyer
  1654 | D:2      | Reached * piety under Makhleb
  1654 | D:2      | Reached ** piety under Makhleb
  2228 | D:3      | Found an opulent altar of Gozag.
  2272 | D:3      | Reached skill level 5 in Axes
  2272 | D:3      | Reached XP level 5. HP: 48/48 MP: 4/4
  2466 | D:3      | Reached skill level 1 in Invocations
  3292 | D:4      | Found an ornate altar of the Wu Jian Council.
  3292 | D:4      | Found an ancient bone altar of Kikubaaqudgha.
  3292 | D:4      | Found a radiant altar of Vehumet.
  3461 | D:4      | Reached skill level 1 in Shields
  3720 | D:4      | Identified the +7 hammer of Ymam {venom, rCorr Int+2 SInv}
  3733 | D:4      | Found a runed translucent door.
  3734 | D:4      | Noticed Crazy Yiuf
  3744 | D:4      | Killed Crazy Yiuf
  3745 | D:4      | Reached XP level 6. HP: 49/56 MP: 7/7
  4133 | D:5      | Entered Level 5 of the Dungeon
  4199 | D:5      | Reached skill level 1 in Maces & Flails
  4322 | D:5      | Found a glowing drain.
  4479 | Sewer    | Entered a sewer
  4547 | Sewer    | Reached *** piety under Makhleb
  4623 | Sewer    | Reached XP level 7. HP: 58/61 MP: 7/9
  5384 | D:6      | Noticed Prince Ribbit
  5395 | D:6      | Found Namiwnio's Lightly-Used Armoury.
  5401 | D:6      | Killed Prince Ribbit
  5402 | D:6      | Reached skill level 5 in Invocations
  5506 | D:6      | Found a runed translucent door.
  5507 | D:6      | Noticed NinjaNoafa's ghost (novice MiFi)
  5533 | D:6      | Gained mutation: Your flesh is cold resistant. (rC+)
                  | [potion of mutation]
  5533 | D:6      | Gained mutation: You are somewhat resistant to further
                  | mutation. [potion of mutation]
  5534 | D:6      | Killed NinjaNoafa's ghost
  5535 | D:6      | Reached skill level 5 in Maces & Flails
  5535 | D:6      | Reached XP level 8. HP: 45/70 MP: 10/12
  5543 | D:6      | Lost mutation: You are somewhat resistant to further
                  | mutation. [potion of mutation]
  5543 | D:6      | Lost mutation: Your flesh is cold resistant. (rC+) [potion
                  | of mutation]
  5543 | D:6      | Gained mutation: You are robust. (+10% HP) [potion of
                  | mutation]
  5544 | D:6      | Lost mutation: You are robust. (+10% HP) [potion of
                  | mutation]
  5544 | D:6      | Gained mutation: You are dopey. (Int -2) [potion of
                  | mutation]
  5719 | D:6      | Found a staircase to the Ecumenical Temple.
  6551 | D:7      | Found a glowing silver altar of Zin.
  6586 | D:7      | Identified the +11 falchion of Ragnarok {pain, rC+ Will+}
  7064 | D:8      | Found a runed translucent gate.
  7064 | D:8      | Found a runed translucent gate.
  7064 | D:8      | Found a runed translucent gate.
  7064 | D:8      | Noticed LnG's ghost (novice KoSu)
  7064 | D:8      | Noticed MisterAzrael's ghost (novice DEHW)
  7065 | D:8      | Noticed donath's ghost (novice DrTm)
  7215 | D:8      | Reached skill level 5 in Armour
  7215 | D:8      | Reached XP level 9. HP: 46/79 MP: 13/13
  7380 | D:8      | Found a burning altar of Makhleb.
  7388 | D:8      | Found a sacrificial altar of Ru.
  7967 | D:8      | Identified the +9 falchion "Ujufo" {flame, *Corrode rElec
                  | rF+ rN++}
  7979 | D:8      | Killed MisterAzrael's ghost
  7995 | D:8      | Killed LnG's ghost
  7997 | D:8      | Killed donath's ghost
  7998 | D:8      | Reached skill level 5 in Shields
  8352 | D:9      | Identified a scroll of acquirement
  8529 | D:9      | Found a hide-covered altar of Uskayaw.
  8641 | D:9      | Acquired the amulet of Temptation {Regen+ Str+3}
  8665 | D:9      | Reached XP level 10. HP: 67/90 MP: 13/15
  8803 | D:9      | Noticed Harold
  8836 | D:9      | Killed Harold
  9055 | D:9      | Reached **** piety under Makhleb
  9237 | D:9      | Found a bloodstained altar of Trog.
  9250 | D:10     | Entered Level 10 of the Dungeon
  9499 | D:10     | Found a staircase to the Lair.
  9523 | D:10     | Lost mutation: You are dopey. (Int -2) [potion of mutation]
  9523 | D:10     | Gained mutation: You occasionally lose the ability to drink
                  | potions when taking damage. [potion of mutation]
  9523 | D:10     | Gained mutation: You are partially covered in iridescent
                  | scales. (AC +2) [potion of mutation]
  9523 | D:10     | Gained mutation: You have supernaturally acute eyesight.
                  | (SInv) [potion of mutation]
  9636 | D:10     | Reached skill level 1 in Evocations
 10012 | D:11     | Noticed a two-headed ogre
 10020 | D:11     | Killed a two-headed ogre
 10082 | D:11     | Reached skill level 5 in Evocations
 10090 | D:11     | Reached XP level 11. HP: 97/97 MP: 15/17
 10171 | D:11     | Found a staircase to the Orcish Mines.
 10173 | D:11     | Found Qowkang's Armour Shop.
 10436 | D:11     | Noticed a two-headed ogre
 10443 | D:11     | Killed a two-headed ogre
 10444 | D:11     | Reached skill level 10 in Fighting
 10835 | D:12     | Noticed a centaur warrior
 10856 | D:12     | Reached skill level 10 in Invocations
 10916 | D:13     | Noticed a brown ugly thing
 10916 | D:13     | Noticed Nessos
 10930 | D:13     | Noticed a skeletal warrior
 11005 | D:12     | Killed a brown ugly thing
 11159 | D:12     | Killed a centaur warrior
 11555 | Lair:1   | Entered Level 1 of the Lair of Beasts
 11682 | Lair:1   | Reached ***** piety under Makhleb
 11758 | Lair:1   | Got Starting Witchery
 12735 | Lair:1   | Noticed Maggie
 12743 | Lair:1   | Killed Maggie
 13136 | Lair:1   | Reached XP level 12. HP: 38/110 MP: 20/20
 13682 | Lair:1   | Lost mutation: You occasionally lose the ability to drink
                  | potions when taking damage. [potion of mutation]
 13682 | Lair:1   | Lost mutation: You are partially covered in iridescent
                  | scales. (AC +2) [potion of mutation]
 13682 | Lair:1   | Gained mutation: You are agile. (Dex +4, Str/Int -1)
                  | [potion of mutation]
 13682 | Lair:1   | Gained mutation: Your natural rate of healing is unusually
                  | fast. [potion of mutation]
 13682 | Lair:1   | Gained mutation: Your mind is acute. (Int +4, Str/Dex -1)
                  | [potion of mutation]
 13724 | Lair:2   | Noticed an eight-headed hydra
 13737 | Lair:2   | Killed an eight-headed hydra
 13928 | Lair:2   | Found a hole to the Spider Nest.
 15446 | D:6      | Bought -2 pearl dragon scales for 900 gold pieces
 15906 | Lair:3   | Found a staircase to the Swamp.
 16215 | Lair:4   | Found a viscous altar of Jiyva.
 16219 | Lair:4   | Found a staircase to the Slime Pits.
 16280 | Lair:4   | Noticed an eight-headed hydra
 16290 | Lair:4   | Killed an eight-headed hydra
 16836 | Lair:5   | Entered Level 5 of the Lair of Beasts
 16836 | Lair:5   | Noticed Snorg
 16856 | Lair:5   | Reached XP level 13. HP: 11/122 MP: 22/22
 16856 | Lair:5   | HP: 1/183 [Snorg (9)]
 16856 | Lair:5   | Killed Snorg
 16867 | Lair:5   | Slain by an elephant

Illustrated notes

Levels and vault maps discovered:
D:1:      sevenhm_arrival_forest_fort_large_2, layout_loops_ring
D:2:      kennysheep_six_static_rooms, layout_loops_ring, basic_altar,
          hellmonk_ecumenical_altar_dog_temple
D:3:      layout_loops_corners, mainiacjoe_overflow_small_starburst,
          hangedman_abyss_or_decor_lesser_grid, dreamdust_princess_corridor,
          minivault_25, st_stairs_10
D:4:      layout_cave_pods, gammafunk_temple_overflow_claw, serial_park,
          serial_park_paths [serial_park_minivault_5x5_2], serial_park_square3
          [serial_park_minivault_5x5_6], serial_park_tiny_1,
          serial_park_square2, serial_park_tiny_2, uniq_crazy_yiuf_cottage
D:5:      layout_rooms, portal_sewer_entry_a
D:6:      layout_rooms, temple_pool_b, gammafunk_ghost_grave,
          minmay_misc_feat_tower, minmay_shop_damaged, uniq_prince_ribbit1
D:7:      layout_loops_ring, overflow_temple_1_default, serial_bayou_pond_e
D:8:      layout_basic, nicolae_overflow_squiral, gammafunk_ghost_cemetery,
          minmay_misc_feat_roman
D:9:      layout_basic, lightli_temple_of_fire, nicolae_uskayaw_dance_studio,
          uniq_harold
D:10:     layout_loops_ring, lair_entry_dummy
D:11:     layout_basic, orc_david_3, corexii_checkpoint_b
D:12:     layout_cave_pools, drop_trap
D:13:     minmay_general_purpose_star, layout_gridville,
          minmay_misc_feat_rugged, uniq_nessos
Lair:1:   layout_layer_cave, uniq_maggie
Lair:2:   layout_loops_ring, hellmonk_spider_entry_life_and_decay
Lair:3:   layout_roguey, nicolae_swamp_entry_splash_gauntlet
Lair:4:   layout_roguey, dpeg_slime_entry_corner, st_stairs_6
Lair:5:   hangedman_lair_in_review, layout_hall_layers, grunt_megastairs_3,
          lemuel_fruit_tree, uniq_snorg

Skill      XL: |  1  2  3  4  5  6  7  8  9 10 11 12 |
---------------+-------------------------------------+-----
Fighting       | 4 5 6 7 8 9 11 13 | 13.0
Armour         | 1 2 3 5 6 7 |  7.8
Axes           | 4 5 |  5.0
Invocations    | 2 4 7 8 9 12 13 | 13.9
Shields        | 1 3 5 7 |  7.0
Maces & Flails | 2 5 6 7 8 9 |  9.8
Evocations     | 5 |  5.0
Dodging        | 4 |  4.5
Stealth        | |  1.5

Action                   |  1- 3 |  4- 6 |  7- 9 | 10-12 | 13-15 || total
-------------------------+-------+-------+-------+-------+-------++-------
Melee: Hand axe          |    82 |   138 |       |       |       ||   220
       Punch             |     3 |       |       |       |       ||     3
       Headbutt          |    10 |    30 |    22 |    98 |       ||   160
       Mace              |       |    66 |   179 |   414 |       ||   659
Invok: Minor Destruction |       |     3 |     8 |   164 |       ||   175
       Lesser Servant of |       |       |     7 |       |       ||     7
       Major Destruction |       |       |       |     3 |       ||     3
       Greater Servant o |       |       |       |     2 |       ||     2
Evoke: Wand              |       |       |     2 |     8 |     1 ||    11
  Use: Potion            |     2 |       |    13 |    11 |     1 ||    27
       Scroll            |       |       |    20 |    19 |     2 ||    41
 Stab: Distracted        |     1 |       |       |       |       ||     1
       Sleeping          |     1 |       |       |       |       ||     1
       Invisible         |     1 |       |       |       |       ||     1
Armor: Robe              |    11 |       |       |       |       ||    11
       Chain mail        |    20 |   139 |    49 |       |       ||   208
       Skin              |       |       |     7 |     8 |     1 ||    16
       Plate armour      |       |       |    82 |   286 |       ||   368
       Pearl dragon scal |       |       |       |    42 |     2 ||    44
Dodge: Dodged            |    57 |    70 |    41 |   161 |     2 ||   331
Block: Kite shield       |       |    42 |   149 |   465 |     2 ||   658
       Reflection        |       |       |     7 |       |       ||     7

Table legend: (Time is in decaauts)
 A = Elapsed time spent in this place.
 B = Non-inter-level travel time spent in this place.
 C = Inter-level travel time spent in this place.
 D = Time resting spent in this place.
 E = Time spent auto-exploring this place.
 F = Levels seen in this place.
 G = Mean time per level.
                   A        B        C        D        E       F      G
               +--------+--------+--------+--------+--------+-----+--------+
         Total |  17318 |  15907 |   1411 |    268 |  12285 |  19 |  911.5 |
       Dungeon |  12024 |  11001 |   1023 |    268 |   8381 |  13 |  924.9 |
          Lair |   4449 |   4062 |    387 |      0 |   3314 |   5 |  889.8 |
         Sewer |    845 |    845 |      0 |      0 |    589 |   1 |  845.0 |
               +--------+--------+--------+--------+--------+-----+--------+

Top non-repeatable levels by time:
     D:2: 1601 daAuts
  Lair:1: 1512 daAuts
     D:8: 1457 daAuts
     D:4: 1138 daAuts
     D:1: 1134 daAuts
  Lair:3: 1063 daAuts
  Lair:2: 1035 daAuts
     D:9: 1001 daAuts
     D:7: 896 daAuts
     D:3: 887 daAuts
     D:6: 855 daAuts
    D:11: 853 daAuts
   Sewer: 845 daAuts
  Lair:4: 807 daAuts
    D:10: 758 daAuts
